3AAA
HAMILTON COYOTES @ SANTA BARBARA GOLDEN CRANES
09/03/2024
 
TOP OF THE 1ST
Hamilton Coyotes batting - Pitching for Santa Barbara Golden Cranes : RHP Seung-yeop Kim
Pitching: RHP Seung-yeop Kim
Batting: RHB Ben Daniel 0-0: Ball
1-0: Ball
2-0: Foul Ball, location: 2F
2-1: Foul Ball, location: 2F
2-2: Ball
3-2: Foul Ball, location: 2F
3-2: Foul Ball, location: 2F
3-2: Foul Ball, location: 2F
3-2: SINGLE (Line Drive, 6D)
Batting: RHB Nectanebos Dolenian 0-0: Foul Ball, location: 2F
0-1: Ball
1-1: Called Strike
1-2: Strikes out looking
Batting: RHB Héctor Rojas 0-0: Called Strike
0-1: Ball
Ben Daniel is caught stealing 2nd base
1-1: Fly out, F8 (Flyball, 8RXD)
Top of the 1st over - 0 run(s), 1 hit(s), 0 error(s), 0 left on base; Hamilton 0 - Santa Barbara 0
BOTTOM OF THE 1ST
Santa Barbara Golden Cranes batting - Pitching for Hamilton Coyotes : LHP Jim Unknown
Pitching: LHP Jim Unknown
Batting: RHB Salvador Noriega 0-0: Ball
1-0: Ball
2-0: Called Strike
2-1: Foul Ball, location: 2F
2-2: Ball
3-2: Ground out 5-3 (Groundball, 5S)
Batting: RHB Kyle Dempsey 0-0: Ball
1-0: Ball
2-0: Ground out 4-3 (Groundball, 4)
Batting: SHB Shojiro Kimura 0-0: Swinging Strike
0-1: Ball
1-1: Swinging Strike
1-2: Ball
2-2: Foul Ball, location: 2F
2-2: Ball
3-2: Foul Ball, location: 2F
3-2: Strikes out looking
Bottom of the 1st over - 0 run(s), 0 hit(s), 0 error(s), 0 left on base; Hamilton 0 - Santa Barbara 0
TOP OF THE 2ND
Hamilton Coyotes batting - Pitching for Santa Barbara Golden Cranes : RHP Seung-yeop Kim
Batting: RHB Ralph May 0-0: Ground out 1-3 (Groundball, 13S)
Batting: RHB Dan Bernard 0-0: Ball
1-0: Ball
2-0: Foul Ball, location: 2F
2-1: Called Strike
2-2: Foul Ball, location: 2F
2-2: Ground out 6-3 (Groundball, 6)
Batting: LHB Ralph Dunford 0-0: Ball
1-0: Foul Ball, location: 2F
1-1: Called Strike
1-2: Ball
2-2: Fly out, F9 (Flyball, 89M)
Top of the 2nd over - 0 run(s), 0 hit(s), 0 error(s), 0 left on base; Hamilton 0 - Santa Barbara 0
BOTTOM OF THE 2ND
Santa Barbara Golden Cranes batting - Pitching for Hamilton Coyotes : LHP Jim Unknown
Batting: RHB Gilbert Graham 0-0: Called Strike
0-1: Called Strike
0-2: Fly out, F8 (Flyball, 8LM)
Batting: RHB Xavier Hernández 0-0: Called Strike
0-1: Ball
1-1: Foul Ball, location: 2F
1-2: Ball
2-2: Foul Ball, location: 2F
2-2: Ground out 5-3 (Groundball, 56)
Batting: LHB Takahiro Harada 0-0: Called Strike
0-1: Ball
1-1: Ball
2-1: Ball
3-1: Swinging Strike
3-2: SINGLE (Flyball, 7S)
Batting: RHB Everette Jeffers 0-0: Ground out 1-3 (Groundball, 15S)
Bottom of the 2nd over - 0 run(s), 1 hit(s), 0 error(s), 1 left on base; Hamilton 0 - Santa Barbara 0
TOP OF THE 3RD
Hamilton Coyotes batting - Pitching for Santa Barbara Golden Cranes : RHP Seung-yeop Kim
Batting: RHB Jon Erickson 0-0: Ball
1-0: Called Strike
1-1: Called Strike
1-2: Ball
2-2: Ball
3-2: Strikes out swinging
Batting: RHB Stan Pierce 0-0: Fly out, F9 (Flyball, 9M)
Batting: RHB Anthony Trujillo 0-0: SINGLE (Line Drive, 4D)
Batting: RHB Ben Daniel 0-0: Called Strike
0-1: Ball
1-1: Fly out, F7 (Flyball, 78XD)
Top of the 3rd over - 0 run(s), 1 hit(s), 0 error(s), 1 left on base; Hamilton 0 - Santa Barbara 0
BOTTOM OF THE 3RD
Santa Barbara Golden Cranes batting - Pitching for Hamilton Coyotes : LHP Jim Unknown
Batting: RHB Rob Thomason 0-0: Ground out 4-3 (Groundball, 4M)
Batting: LHB Manny Rosário 0-0: Ball
1-0: Ball
2-0: Called Strike
2-1: Fly out, F8 (Flyball, 8LM)
Batting: RHB Salvador Noriega 0-0: Foul Ball, location: 2F
0-1: Called Strike
0-2: Ball
1-2: Foul Ball, location: 2F
1-2: SINGLE (Flyball, 8RS)
Batting: RHB Kyle Dempsey 0-0: Called Strike
0-1: SINGLE (Line Drive, 7S)
Salvador Noriega to second
Batting: SHB Shojiro Kimura 0-0: Called Strike
0-1: Called Strike
0-2: SINGLE (Flyball, 89S)
Salvador Noriega to third
Kyle Dempsey to second
Runner from 3rd tries for Home, SAFE, no throw or cutoff
Batting: RHB Gilbert Graham 0-0: Called Strike
0-1: Foul Ball, location: 2F
0-2: Ball
1-2: Ball
2-2: Foul Ball, location: 2F
2-2: Foul Ball, location: 2F
2-2: Ground out 1-3 (Groundball, 15)
Bottom of the 3rd over - 1 run(s), 3 hit(s), 0 error(s), 2 left on base; Hamilton 0 - Santa Barbara 1
TOP OF THE 4TH
Hamilton Coyotes batting - Pitching for Santa Barbara Golden Cranes : RHP Seung-yeop Kim
Batting: RHB Nectanebos Dolenian 0-0: Ball
1-0: Ball
2-0: Foul Ball, location: 2F
2-1: Ball
3-1: Ground out 6-3 (Groundball, 6M)
Batting: RHB Héctor Rojas 0-0: Ball
1-0: Ground out 4-3 (Groundball, 4)
Batting: RHB Ralph May 0-0: Foul Ball, location: 2F
0-1: Ground out 1-3 (Groundball, 15S)
Top of the 4th over - 0 run(s), 0 hit(s), 0 error(s), 0 left on base; Hamilton 0 - Santa Barbara 1
BOTTOM OF THE 4TH
Santa Barbara Golden Cranes batting - Pitching for Hamilton Coyotes : LHP Jim Unknown
Batting: RHB Xavier Hernández 0-0: Called Strike
0-1: Ball
1-1: Ground out 5-3 (Groundball, 5L)
Batting: LHB Takahiro Harada 0-0: Called Strike
0-1: Ball
1-1: Swinging Strike
1-2: Ground out 4-3 (Groundball, 4)
Batting: RHB Everette Jeffers 0-0: Called Strike
0-1: Ball
1-1: Ground out 5-3 (Groundball, 5)
Bottom of the 4th over - 0 run(s), 0 hit(s), 0 error(s), 0 left on base; Hamilton 0 - Santa Barbara 1
TOP OF THE 5TH
Hamilton Coyotes batting - Pitching for Santa Barbara Golden Cranes : RHP Seung-yeop Kim
Batting: RHB Dan Bernard 0-0: Called Strike
0-1: Called Strike
0-2: Foul Ball, location: 2F
0-2: Strikes out swinging
Batting: LHB Ralph Dunford 0-0: Swinging Strike
0-1: Swinging Strike
0-2: Strikes out looking
Batting: RHB Jon Erickson 0-0: Ball
1-0: Foul Ball, location: 2F
1-1: Called Strike
1-2: Ground out 6-3 (Groundball, 6)
Top of the 5th over - 0 run(s), 0 hit(s), 0 error(s), 0 left on base; Hamilton 0 - Santa Barbara 1
BOTTOM OF THE 5TH
Santa Barbara Golden Cranes batting - Pitching for Hamilton Coyotes : LHP Jim Unknown
Batting: RHB Rob Thomason 0-0: Called Strike
0-1: Ground out 4-3 (Groundball, 4M)
Batting: LHB Manny Rosário 0-0: Called Strike
0-1: Ball
1-1: Swinging Strike
1-2: Foul Ball, location: 2F
1-2: Ball
2-2: Ground out U3 (Groundball, 3L)
Batting: RHB Salvador Noriega 0-0: TRIPLE (Line Drive, 8LM)
Batting: RHB Kyle Dempsey 0-0: Ball
1-0: Ball
2-0: Foul Ball, location: 2F
2-1: Foul Ball, location: 2F
2-2: Ball
3-2: Foul Ball, location: 2F
3-2: Ground out 6-3 (Groundball, 6)
Bottom of the 5th over - 0 run(s), 1 hit(s), 0 error(s), 1 left on base; Hamilton 0 - Santa Barbara 1
TOP OF THE 6TH
Hamilton Coyotes batting - Pitching for Santa Barbara Golden Cranes : RHP Seung-yeop Kim
Batting: RHB Stan Pierce 0-0: Ball
1-0: Ground out 4-3 (Groundball, 34)
Batting: RHB Anthony Trujillo 0-0: Ball
1-0: Ball
2-0: Ball
3-0: Called Strike
3-1: Base on Balls
Batting: RHB Ben Daniel 0-0: Ball
1-0: Foul Ball, location: 2F
1-1: Called Strike
1-2: Strikes out swinging
Batting: RHB Nectanebos Dolenian 0-0: Ball
Anthony Trujillo steals 2nd base
1-0: Fly out, F4 (Popup, 4)
Top of the 6th over - 0 run(s), 0 hit(s), 0 error(s), 1 left on base; Hamilton 0 - Santa Barbara 1
BOTTOM OF THE 6TH
Santa Barbara Golden Cranes batting - Pitching for Hamilton Coyotes : LHP Jim Unknown
Batting: SHB Shojiro Kimura 0-0: Ball
1-0: Swinging Strike
1-1: Foul Ball, location: 2F
1-2: Ball
2-2: Foul Ball, location: 2F
2-2: Foul Ball, location: 2F
2-2: DOUBLE (Flyball, 8LM) - OUT at third base trying to stretch hit.
Batting: RHB Gilbert Graham 0-0: Foul Ball, location: 2F
0-1: Ball
1-1: Foul Ball, location: 2F
1-2: Strikes out swinging
Batting: RHB Xavier Hernández 0-0: Ball
1-0: Ball
2-0: Ball
3-0: Called Strike
3-1: Foul Ball, location: 2F
3-2: Foul Ball, location: 2F
3-2: Base on Balls
Batting: LHB Takahiro Harada 0-0: Ball
1-0: Foul Ball, location: 2F
1-1: Called Strike
1-2: Ball
Xavier Hernández is caught stealing 2nd base
Bottom of the 6th over - 0 run(s), 1 hit(s), 0 error(s), 0 left on base; Hamilton 0 - Santa Barbara 1
TOP OF THE 7TH
Hamilton Coyotes batting - Pitching for Santa Barbara Golden Cranes : RHP Seung-yeop Kim
Batting: RHB Héctor Rojas 0-0: Ball
1-0: Called Strike
1-1: Fly out, F8 (Flyball, 8LD)
Batting: RHB Ralph May 0-0: Called Strike
0-1: Foul Ball, location: 2F
0-2: Ball
1-2: Foul Ball, location: 2F
1-2: Strikes out swinging
Batting: RHB Dan Bernard 0-0: Called Strike
0-1: Ball
1-1: Swinging Strike
1-2: Strikes out swinging
Top of the 7th over - 0 run(s), 0 hit(s), 0 error(s), 0 left on base; Hamilton 0 - Santa Barbara 1
BOTTOM OF THE 7TH
Santa Barbara Golden Cranes batting - Pitching for Hamilton Coyotes : LHP Jim Unknown
Batting: LHB Takahiro Harada 0-0: Ball
1-0: Ball
2-0: Called Strike
2-1: Swinging Strike
2-2: Ball
3-2: Base on Balls
Batting: RHB Everette Jeffers 0-0: Bunted foul
0-1: Bunted foul
0-2: Fielders Choice at 2nd, 6-4 (Groundball, 56)
Batting: RHB Rob Thomason 0-0: Ball
1-0: Ball
2-0: Fielders Choice at 2nd, 5-4 (Groundball, 56)
Batting: LHB Manny Rosário 0-0: Ball
1-0: Ball
2-0: Called Strike
2-1: DOUBLE (Flyball, 9LM)
Rob Thomason to third
Runner from 3rd tries for Home, SAFE, no throw or cutoff
Batting: RHB Salvador Noriega 0-0: Called Strike
0-1: Ball
1-1: Ball
2-1: Ground out 6-3 (Groundball, 6)
Bottom of the 7th over - 1 run(s), 1 hit(s), 0 error(s), 1 left on base; Hamilton 0 - Santa Barbara 2
TOP OF THE 8TH
Hamilton Coyotes batting - Pitching for Santa Barbara Golden Cranes : RHP Seung-yeop Kim
Batting: LHB Ralph Dunford 0-0: Foul Ball, location: 2F
0-1: Ball
1-1: Swinging Strike
1-2: SINGLE (Groundball, 34D)
Batting: RHB Jon Erickson 0-0: Reached on error, E6 (Groundball, 6M)
Ralph Dunford to second
Pinch Runner at 2nd Francisco Morales:
Batting: RHB Stan Pierce 0-0: Sac Bunt - play at first, batter OUT! 1-3
Francisco Morales to third
Jon Erickson to second
Pinch Hitting: RHB Noel Wells 0-0: Called Strike
0-1: Ball
1-1: Fly out, F4 (Popup, 4MD)
Batting: RHB Ben Daniel 0-0: Ball
1-0: Ball
2-0: Ball
3-0: Base on Balls
Pitching: RHP Marshall Edwards
Batting: RHB Nectanebos Dolenian 0-0: Ball
1-0: Ball
2-0: Ground out 4-3 (Groundball, 4)
Top of the 8th over - 0 run(s), 1 hit(s), 1 error(s), 3 left on base; Hamilton 0 - Santa Barbara 2
BOTTOM OF THE 8TH
Santa Barbara Golden Cranes batting - Pitching for Hamilton Coyotes : LHP Jim Unknown
Pitching: RHP Jim Unknown
Now in CF: Lance Schiffer
Batting: RHB Kyle Dempsey 0-0: Called Strike
0-1: Ball
1-1: Foul Ball, location: 2F
1-2: Ball
2-2: Ground out 1-3 (Groundball, 15)
Batting: SHB Shojiro Kimura 0-0: Ball
1-0: Ball
2-0: Ball
3-0: Hit by Pitch
Batting: RHB Gilbert Graham 0-0: Ball
1-0: Called Strike
1-1: Foul Ball, location: 2F
1-2: Ball
2-2: Fly out, F9 (Flyball, 89S)
Batting: RHB Xavier Hernández 0-0: Called Strike
0-1: Ball
1-1: Called Strike
1-2: Ball
2-2: Ball
3-2: Foul Ball, location: 2F
3-2: Strikes out looking
Bottom of the 8th over - 0 run(s), 0 hit(s), 0 error(s), 1 left on base; Hamilton 0 - Santa Barbara 2
TOP OF THE 9TH
Hamilton Coyotes batting - Pitching for Santa Barbara Golden Cranes : RHP Marshall Edwards
Pitching: RHP Xavier Andrade
Batting: RHB Héctor Rojas 0-0: Ball
1-0: Called Strike
1-1: DOUBLE (Line Drive, 78D)
Batting: RHB Ralph May 0-0: Ball
1-0: Called Strike
1-1: DOUBLE (Flyball, 89XD)
Héctor Rojas scores
Batting: RHB Dan Bernard 0-0: Foul Ball, location: 2F
0-1: 2-RUN HOME RUN (Flyball, 9D), Distance : 370 ft
Pitching: RHP Carlos Rúbio
Batting: RHB Francisco Morales 0-0: SINGLE (Line Drive, 78M)
Batting: RHB Jon Erickson 0-0: Fly out, F4 (Popup, 4)
Batting: RHB Stan Pierce 0-0: Ball
1-0: Ball
2-0: Fly out, F3 (Popup, 3F)
Batting: LHB Lance Schiffer 0-0: Called Strike
0-1: Fly out, F8 (Line Drive, 8LXD)
Top of the 9th over - 3 run(s), 4 hit(s), 0 error(s), 1 left on base; Hamilton 3 - Santa Barbara 2
BOTTOM OF THE 9TH
Santa Barbara Golden Cranes batting - Pitching for Hamilton Coyotes : RHP Jim Unknown
Pitching: RHP Jim Unknown
Now at 1B: Jack O'Brien
Now in RF: Monty Sharp
Batting: LHB Takahiro Harada 0-0: Ball
1-0: Ball
2-0: SINGLE (Groundball, 3)
Batting: RHB Everette Jeffers 0-0: Ball
1-0: Sac Bunt - play at second, runner OUT! 1-6
Batting: RHB Rob Thomason 0-0: Swinging Strike
0-1: Grounds into double play, 5-4-3 (Groundball, 5L)
Bottom of the 9th over - 0 run(s), 1 hit(s), 0 error(s), 0 left on base; Hamilton 3 - Santa Barbara 2
This league is powered by Out of the Park Baseball, the baseball management simulation game for PC, Mac and Linux
Monday, October 3rd, 2016 - OOTP Baseball 16.9 Build 39